 Dungeon Crawl Stone Soup version 0.13.0-9-gbc74161 (webtiles) character file.

2014 HungrySpirit the Thaumaturge (level 8, 0/45 HPs)
             Began as a Deep Elf Fire Elementalist on Oct 17, 2013.
             Was a Believer of Sif Muna.
             Slain by a four-headed hydra zombie (11 damage)
             ... on Level 7 of the Dungeon.
             The game lasted 00:22:03 (6034 turns).

HungrySpirit the Thaumaturge (DEFE)                 Turns: 6034, Time: 00:22:03

HP   0/45        AC  3     Str  6      XL: 8   Next: 79%
MP  16/26        EV 13     Int 26      God: Sif Muna [**....]
Gold 249         SH  0     Dex 15      Spells:  4 memorised, 11 levels left

Res.Fire  : . . .   See Invis. : .   e - +3,+2 sabre (holy)
Res.Cold  : . . .   Warding    : +   a - +1 elf robe
Life Prot.: + . .   Conserve   : .   (no shield)
Res.Poison: .       Res.Corr.  : .   (no helmet)
Res.Elec. : .       Clarity    : .   (no cloak)
Sust.Abil.: . .     Spirit.Shd : .   (no gloves)
Res.Mut.  : .       Stasis     : .   (no boots)
Res.Rott. : .       Flight     : .   s - amulet of warding
Saprovore : . . .                    l - +4 ring of intelligence
                                     n - ring of sustenance

@: somewhat resistant to hostile enchantments, fairly stealthy
A: no striking features
a: Channel Energy, Forget Spell, Renounce Religion


You were on level 7 of the Dungeon.
You worshipped Sif Muna.
Sif Muna was pleased with you.
You were not hungry.

You visited 1 branch of the dungeon, and saw 7 of its levels.

You collected 229 gold pieces.

Inventory:

Hand weapons
 e - a +3,+2 sabre of holy wrath (weapon)
Armour
 a - a +1 elven robe (worn)
Comestibles
 c - 2 bread rations
 p - a slice of pizza
 q - a choko
 u - a meat ration
 v - an apple
Scrolls
 f - 4 scrolls of identify
 h - 7 scrolls of remove curse
 i - a scroll of enchant weapon II
 j - 4 scrolls of teleportation
 m - 3 scrolls of amnesia
 r - a scroll of enchant armour
 w - a scroll of fear
Jewellery
 d - an uncursed ring of protection from cold
 l - a +4 ring of intelligence (right hand)
 n - a ring of sustenance (left hand)
 s - an amulet of warding (around neck)
Potions
 g - 2 potions of porridge {unknown}
 k - 3 potions of curing
 o - a potion of brilliance
 t - a potion of restore abilities {unknown}
Books
 b - a book of Flames

   Spells                             Type                      Level
   *Flame Tongue                      Conjuration/Fire             1
   Throw Flame                        Conjuration/Fire             2
   *Conjure Flame                     Conjuration/Fire             3
   Inner Flame                        Hexes/Fire                   3
   *Sticky Flame                      Conjuration/Fire             4
   *Fireball                          Conjuration/Fire             5


   Skills:
 - Level 5.0 Fighting
 - Level 2.4 Dodging
 - Level 2.4 Stealth
 * Level 8.8 Spellcasting
 + Level 5.7 Conjurations
 + Level 5.7 Fire Magic


You had 11 spell levels left.
You knew the following spells:

 Your Spells              Type           Power        Failure   Level  Hunger
a - Flame Tongue          Conj/Fire      #####        1%          1    None
b - Conjure Flame         Conj/Fire      #####...     1%          3    None
c - Fireball              Conj/Fire      #####.....   17%         5    ####...
d - Sticky Flame          Conj/Fire      #####...     8%          4    ##.....


Dungeon Overview and Level Annotations

Branches:
Dungeon (7/27)             Temple (0/1) D:6             Orc (0/4) D:7

Altars:
Sif Muna


Message History

Casting: Flame Tongue
Confirm with . or Enter, or press ? or * to list all spells.
Aiming: Flame Tongue
Press: ? - help, Shift-Dir - straight line, f/p - four-headed hydra zombie
Aim: a four-headed hydra zombie (flame)
The flame hits the four-headed hydra zombie.
The four-headed hydra zombie is engulfed in roaring flames.
The four-headed hydra zombie bites you. The four-headed hydra zombie bites you!
* * * LOW HITPOINT WARNING * * *
The four-headed hydra zombie barely misses you.
Casting: Flame Tongue
Confirm with . or Enter, or press ? or * to list all spells.
Aiming: Flame Tongue
Press: ? - help, Shift-Dir - straight line, f/p - four-headed hydra zombie
Aim: a four-headed hydra zombie (flame)
The flame hits the four-headed hydra zombie.
The four-headed hydra zombie is engulfed in roaring flames.
The four-headed hydra zombie bites you!
You die...

##### <<<.### .##
(...#.#.#.#
......##..##.# ### #
......#.....####@# ..##
......#.#.....##Z#.....#
.......#........c.....#
..g.....................
....(...................
...........Z....[.......
.....>.................
......................
.....................


You could see a centaur and a four-headed hydra zombie.

Vanquished Creatures
  Eustachio (D:5)
  The ghost of Bikalo the Changer, an average DrTm (D:3)
  Edmund (D:4)
  An orc warrior (D:6)
  A manticore (D:6)
  2 phantoms
  2 ice beasts
  An ogre (D:4)
  2 giant frogs (D:6)
  3 hounds
  2 crimson imps (D:6)
  A centaur skeleton (D:4)
  A giant frog skeleton (D:5)
  An orc wizard (D:3)
  2 scorpions (D:4)
  A worker ant (D:4)
  An ogre zombie (D:6)
  A hound skeleton (D:6)
  10 adders
  4 worms
  A grey rat (D:5)
  2 giant eyeballs
  5 giant geckos
  14 orcs
  A ball python (D:2)
  A bat skeleton (D:5)
  3 giant cockroaches
  9 goblins
  10 hobgoblins
  5 jackals
  6 kobolds
  9 bats
  A giant gecko skeleton (D:5)
  5 giant newts
  A giant newt zombie (D:5)
  A hobgoblin skeleton (D:5)
  3 quokkas
  A quokka skeleton (D:6)
  17 rats
  A rat skeleton (D:4)
  A rat zombie (D:5)
136 creatures vanquished.

Notes
Turn   | Place    | Note
--------------------------------------------------------------
     0 | D:1      | HungrySpirit, the Deep Elf Fire Elementalist, began the quest for the Orb.
     0 | D:1      | Reached XP level 1. HP: 10/10 MP: 4/4
   318 | D:1      | Reached XP level 2. HP: 15/15 MP: 3/7
  1249 | D:2      | Reached XP level 3. HP: 15/19 MP: 4/10
  1796 | D:3      | Learned a level 3 spell: Conjure Flame
  1999 | D:3      | Found a deep blue altar of Sif Muna.
  2009 | D:3      | Became a worshipper of Sif Muna the Loreminder
  2081 | D:3      | Noticed Bikalo's ghost (average DrTm)
  2088 | D:3      | Reached XP level 4. HP: 24/24 MP: 2/13
  2238 | D:3      | Killed Bikalo's ghost
  2238 | D:3      | Reached skill level 5 in Spellcasting
  2238 | D:3      | Reached XP level 5. HP: 28/28 MP: 0/18
  2606 | D:3      | Acquired Sif Muna's first power
  2788 | D:4      | Noticed Edmund
  2837 | D:4      | Killed Edmund
  2837 | D:4      | Reached skill level 5 in Conjurations
  2837 | D:4      | Reached XP level 6. HP: 12/32 MP: 12/20
  3233 | D:4      | Reached skill level 1 in Fighting
  3282 | D:4      | Noticed an ogre
  3288 | D:4      | Killed an ogre
  3288 | D:4      | Reached skill level 5 in Fire Magic
  3288 | D:4      | Reached XP level 7. HP: 35/37 MP: 15/22
  3624 | D:4      | Noticed a phantom
  3637 | D:4      | Killed a phantom
  3644 | D:4      | Learned a level 5 spell: Fireball
  3649 | D:4      | Learned a level 4 spell: Sticky Flame
  3734 | D:4      | Paralysed by a giant eyeball for 2 turns
  4047 | D:5      | Entered Level 5 of the Dungeon
  4247 | D:5      | Noticed Eustachio
  4343 | D:5      | Killed Eustachio
  4504 | D:5      | Reached skill level 6 in Spellcasting
  4619 | D:5      | Reached XP level 8. HP: 44/44 MP: 16/24
  5308 | D:6      | Found a staircase to the Ecumenical Temple.
  5325 | D:6      | Acquired Sif Muna's second power
  5325 | D:6      | Reached skill level 7 in Spellcasting
  5340 | D:6      | Reached skill level 5 in Fighting
  5563 | D:6      | Reached skill level 8 in Spellcasting
  6016 | D:7      | Found a staircase to the Orcish Mines.
  6034 | D:7      | Slain by a four-headed hydra zombie

Action                   |  1- 3 |  4- 6 |  7- 9 || total
-------------------------+-------+-------+-------++-------
Melee: Unarmed           |    14 |       |       ||    14
       Club              |     3 |       |       ||     3
       Sabre             |       |       |    29 ||    29
 Cast: Flame Tongue      |    82 |    61 |   190 ||   333
       Conjure Flame     |     2 |     8 |     7 ||    17
       Sticky Flame      |       |       |     4 ||     4
  Use: Scroll            |       |       |    16 ||    16
